AoeStats
← Máximus_Meridius_II :)

Pilgrims

509396639Analyzed
4v4 RM · 5d ago on Sep 26, 2026· 57m 24s· 8 players
Game mode
Random Map
Map size
Large (8 player)
Population
200
Speed
Normal
Resources
Standard
Victory
Conquest
Starting age
Dark Age
Ending age
Imperial Age
RankedLock teamsTeams togetherTeam positionsShared explorationLock speedFull tech treeHidden civsTurbo modeCheats
Victory
Defeat
🇺🇸 Italians · United States
1094
+11
🇺🇸 Saxons · United States
1085
+11
🇺🇸 Varangians · United States
1023
+13
🇺🇸 Romans · United States
972
+14
🇵🇪 Spanish · Peru
989
-13
976
-13
🇨🇱 Mongols · Chile
964
-12
🇦🇹 Inca · Austria
938
-11
Máximus_Meridius_II :)
5:48 Loom
11:16 Feudal Age
19:03 Horse Collar
21:09 Double-Bit Axe
25:21 Castle Age
23:58 Wheelbarrow
23:09 Town Watch
23:40 Gold Mining
31:13 Imperial Age
29:30 Bloodlines
29:28 Scale Barding Armor
29:34 Forging
30:03 Hand Cart
35:37 Chain Barding Armor
34:39 Capped Ram
35:38 Siege Ram
45:18 Siege Ram
46:42 Gold Shaft Mining
45:58 Stone Mining
47:20 Elite Steppe Lancer
oveja83
9:49 Feudal Age
10:46 Town Watch
10:50 Loom
11:55 Fishing Lines
12:23 Double-Bit Axe
17:19 Castle Age
16:04 Fletching
18:41 Wheelbarrow
21:09 Hand Cart
21:50 Stone Mining
23:05 Gold Mining
27:04 Gold Shaft Mining
28:44 Husbandry
28:55 Bloodlines
28:55 Horse Collar
30:01 Scale Barding Armor
31:15 Padded Archer Armor
32:48 Bow Saw
33:28 Chain Barding Armor
35:43 Ballistics
37:20 Bodkin Arrow
39:36 Leather Archer Armor
40:29 Thumb Ring
49:00 Town Patrol
54:36 Imperial Age
54:19 Heavy Plow
CARRY_POTTER
8:29 Feudal Age
8:35 Loom
21:41 Castle Age
24:17 Double-Bit Axe
28:56 Bow Saw
29:34 Horse Collar
30:18 Gold Mining
30:53 Heavy Plow
33:29 Wheelbarrow
34:03 Stone Mining
36:32 Stone Shaft Mining
39:45 Imperial Age
38:19 Ballistics
38:49 Padded Archer Armor
38:41 Fletching
39:11 Thumb Ring
40:13 Leather Archer Armor
40:32 Husbandry
40:43 Bloodlines
41:36 Chemistry
41:44 Two-Man Saw
42:07 Ring Archer Armor
42:26 Conscription
42:06 Bodkin Arrow
42:20 Heavy Mounted Crossbowman
43:41 Bracer
43:57 Elite Skirmisher
51:20 Elite Conquistador
56:04 Scale Mail Armor
56:15 Forging
55:29 Light Cavalry
KnightHawk
9:14 Loom
11:44 Feudal Age
13:36 Double-Bit Axe
17:04 Castle Age
16:26 Champi Runner
17:19 Scale Mail Armor
23:43 Squires
29:01 Wheelbarrow
28:12 Town Watch
33:59 Fletching
39:25 Bodkin Arrow
39:30 Padded Archer Armor
40:47 Andean Sling
42:25 Hand Cart
43:33 Leather Archer Armor
44:34 Ballistics
48:08 Imperial Age
46:25 Thumb Ring
49:54 Town Patrol
52:08 Bracer
52:42 Ring Archer Armor
JarvyBoi
6:17 Loom
11:54 Feudal Age
12:37 Fishing Lines
12:48 Double-Bit Axe
17:37 Castle Age
15:47 Gold Mining
16:36 Fletching
18:15 Bodkin Arrow
19:48 Gillnets
21:30 Wheelbarrow
22:22 Stone Mining
22:13 Horse Collar
24:11 Hand Cart
23:42 Town Watch
31:48 Imperial Age
31:47 Scale Mail Armor
31:50 Elite Varangian Guard
32:36 Squires
32:52 Chain Mail Armor
32:39 Bracer
33:03 Ballistics
33:44 Chemistry
34:13 Siege Engineers
39:24 Conscription
39:35 Arson
39:48 Shield Wall
41:19 Plate Mail Armor
41:58 Gambesons
42:25 Forging
41:49 Capped Ram
42:59 Masonry
42:41 Siege Ram
45:20 Heavy Scorpion
48:58 Pikeman
49:52 Arrowslits
49:58 Guard Tower
50:28 Halberdier
52:56 Iron Casting
54:52 Keep
Spaghetti
11:53 Feudal Age
10:12 Loom
12:38 Double-Bit Axe
15:10 Fletching
15:21 Padded Archer Armor
19:23 Castle Age
20:00 Bodkin Arrow
20:21 Leather Archer Armor
20:29 Medium Warships
26:19 Husbandry
25:54 Light Cavalry
29:00 Forging
28:57 Scale Barding Armor
28:53 Scale Mail Armor
41:29 Imperial Age
46:14 Chemistry
45:35 Ballistics
45:43 Conscription
47:29 Bracer
48:38 Hussar
49:28 Bloodlines
Kevin
9:14 Loom
11:20 Feudal Age
12:34 Double-Bit Axe
13:45 Horse Collar
16:39 Castle Age
15:24 Gold Mining
15:27 Stone Mining
17:38 Forging
17:43 Bow Saw
18:58 Scale Mail Armor
19:09 Forging
18:32 Man-at-Arms
20:12 Long Swordsman
21:42 Squires
21:53 Town Watch
23:21 Chain Mail Armor
24:30 Fletching
25:18 Iron Casting
28:39 Wheelbarrow
31:15 Hand Cart
32:59 Scale Barding Armor
33:07 Murder Holes
34:10 Pikeman
39:43 Imperial Age
40:16 Legionary
41:23 Conscription
41:29 Comitatenses
43:40 Blast Furnace
42:36 Bodkin Arrow
42:55 Heavy Scorpion
43:45 Ballistas
46:02 Onager
49:27 Ballistics
49:13 Siege Engineers
50:09 Chemistry
51:16 Heavy Plow
54:21 Crop Rotation
53:54 Halberdier
Mustard Tiger
11:33 Loom
13:22 Feudal Age
16:32 Double-Bit Axe
17:56 Bloodlines
20:57 Castle Age
22:58 Horse Collar
24:18 Bow Saw
29:19 Wheelbarrow
30:38 Husbandry
31:03 Hand Cart
32:27 Pikeman
33:10 Squires
40:19 Heavy Plow
41:36 Scale Barding Armor
41:42 Forging
46:08 Imperial Age
46:41 Cavalier
47:45 Chain Barding Armor
48:00 Iron Casting
50:54 Vendel Legacy
Connection lost

Rejoining the realm…

Still unreachable

The connection could not be restored.

Session expired

The server has moved on; the page needs a fresh start.